 Dungeon Crawl Stone Soup version 0.16.1-4-g8e1b745 (console) character file.

46 gw the Ducker (level 3, 0/21 HPs)
             Began as a Deep Elf Artificer on Mar 27, 2015.
             Slain by a worm (5 damage)
             ... on level 2 of the Dungeon.
             The game lasted 00:01:46 (1506 turns).

gw the Ducker (Deep Elf Artificer)                  Turns: 1506, Time: 00:01:46

Health: 0/21       AC:  5    Str:  8    XL:     3   Next: 44%
Magic:  7/7        EV: 11    Int: 16    God:
Gold:   77         SH:  0    Dex: 16    Spells: 0 memorised, 2 levels left

rFire  . . .     SeeInvis .     a - +1 short sword
rCold  . . .     Clarity  .     g - +0 ring mail
rNeg   . . .     SustAb   .     (no shield)
rPois  .         Gourm    .     (no helmet)
rElec  .         Spirit   .     (no cloak)
rCorr  .         Warding  .     (no gloves)
rMut   .         Stasis   .     (no boots)
MR     .....                    (no amulet)
Stlth  +.........               (no ring)
                                (no ring)

@: not resistant to hostile enchantments, very unstealthy
A: no striking features
a: no special abilities


You were on level 2 of the Dungeon.
You were not hungry.

You visited 1 branch of the dungeon, and saw 2 of its levels.

You collected 77 gold pieces.

Inventory:

Hand weapons
 a - a +1 short sword (weapon)
Missiles
 k - 22 arrows
Armour
 g - a +0 ring mail (worn)
Magical devices
 b - a wand of flame (10)
 c - a wand of enslavement (15)
 d - a wand of random effects (15)
Scrolls
 h - a scroll of identify
Comestibles
 f - a bread ration
 m - 3 fruits


   Skills:
 + Level 2.1 Fighting
 - Level 1.0 Short Blades
 + Level 3.5 Dodging
 - Level 1.2 Stealth
 - Level 3.2 Evocations


You had 2 spell levels left.
You didn't know any spells.

Dungeon Overview and Level Annotations

Branches:
Dungeon (2/15)

Altars:


Message History

ATTACKING (1,1)
You completely miss the worm.
The worm is heavily wounded.
The worm barely misses you.
Unknown command.
Unknown command.
Unknown command.
Unknown command.
ATTACKING (1,1)
You hit the worm.
The worm is severely wounded.
Unknown command.
Unknown command.
Unknown command.
Unknown command.
ATTACKING (1,1)
You hit the worm.
The worm is severely wounded.
The worm bites you.
You die...

#.##.##.#
#<%....#
#######.##.##.#
#.........#.##..#
.######........#
##.#.###.# ##.#.#
##....# #e....#
#.w...# #.....#
##....# #......
#..#.#. .....#
##.##


You could see a worm.

Table legend:
 A = Turns spent in this place as a percentage of turns spent in the entire game.
 B = Non-inter-level travel turns spent in this place as a percentage of non-inter-level travel turns spent in the entire game.
 C = Inter-level travel turns spent in this place as a percentage of turns spent in this place.
 D = Turns resting spent in this place as a percentage of non-inter-level travel turns spent in this place.
 E = Turns spent auto-exploring this place as a percentage of non-inter-level travel turns spent in this place.
 F = Non-inter-level travel turns spent in this place divided by the number of levels of this place that you've seen.
                   A       B       C       D       E      F
               +-------+-------+-------+-------+-------+----------------------
         Total | 100.0 | 100.0 |   0.2 |   1.5 |   1.9 | 1239.5
       Dungeon | 100.0 | 100.0 |   0.2 |   1.5 |   1.9 | 1239.5
               +-------+-------+-------+-------+-------+----------------------

Table legend:
 A = Kills in this place as a percentage of kills in entire the game.
 B = Kills by you in this place as a percentage of kills by you in the entire game.
 C = Kills by friends in this place as a percentage of kills by friends in the entire game.
 D = Other kills in this place as a percentage of other kills in the entire game.
 E = Experience gained in this place as a percentage of experience gained in the entire game.
 F = Experience gained in this place divided by the number of levels of this place that you have seen.
                   A       B       C       D       E      F
               +-------+-------+-------+-------+-------+----------------------
         Total | 100.0 | 100.0 |  -nan |  -nan | 100.0 |  33.0
       Dungeon | 100.0 | 100.0 |  -nan |  -nan | 100.0 |  33.0
               +-------+-------+-------+-------+-------+----------------------

Vanquished Creatures
  2 oozes (D:1)
  A ball python (D:1)
  2 giant cockroaches
  6 goblins (D:1)
  2 hobgoblins (D:1)
  4 kobolds (D:1)
  5 bats (D:1)
  3 giant newts (D:1)
  9 jackals
  7 rats (D:1)
41 creatures vanquished.

Notes
Turn   | Place    | Note
--------------------------------------------------------------
     0 | D:1      | gw, the Deep Elf Artificer, began the quest for the Orb.
     0 | D:1      | Reached XP level 1. HP: 11/11 MP: 2/2
    11 | D:1      | Reached skill level 1 in Fighting
    65 | D:1      | Reached XP level 2. HP: 6/16 MP: 5/5
   946 | D:1      | Reached XP level 3. HP: 17/21 MP: 7/7
  1506 | D:2      | Slain by a worm

Action                   || total
-------------------------++-------
Melee: Short sword       ||   147
Evoke: Wand              ||     5
  Use: Scroll            ||     5
       Potion            ||     1
  Eat: Chunk             ||     2

Vault maps used:
D:1:      dpeg_arrival_ratfight
D:2:      grunt_qazlal_clouds, nicolae_overflow_hidden_temple, first_bread,
          kennysheep_another_room
